 Dungeon Crawl Stone Soup version 0.30-a0-924-g0ad0bf95bc (webtiles) character file.

Game seed: 2995690152520160260

121 BlueFish the Insei (level 5, 0/34 HPs)
             Began as an Octopode Transmuter on Mar 22, 2023.
             Killed by divine providence
             ... invoked by an orc priest
              (13 damage)
             ... on level 3 of the Dungeon.
             The game lasted 00:03:50 (1921 turns).

BlueFish the Insei (Octopode Transmuter)            Turns: 1921, Time: 00:03:51

Health: 0/34       AC:  1    Str: 11    XL:     5   Next: 5%
Magic:  0/8        EV: 13    Int: 15    God:
Gold:   184        SH:  0    Dex: 13    Spells: 2/8 levels left

rFire   . . .      SeeInvis .      - Unarmed
rCold   . . .      Faith    .    (no shield)
rNeg    . . .      Spirit   +    (helmet restricted)
rPois   .          Reflect  .    o - amulet of guardian spirit
rElec   .          Rampage  .    (no ring)
rCorr   .                        (no ring)
Will    .....                    (no ring)
Stlth   +++                      (no ring)
HPRegen 0.25/turn                (no ring)
MPRegen 0.11/turn                (no ring)
                                 (no ring)
                                 (no ring)

@: wereblooded
A: almost no armour, amphibious, 8 rings, camouflage 1, gelatinous body 1,
(nimble swimmer 1), tentacles
a: no special abilities


You were on level 3 of the Dungeon.
You visited 1 branch of the dungeon, and saw 3 of its levels.

You collected 184 gold pieces.

Inventory:

Missiles
 b - 2 throwing nets
 j - 3 poisoned darts
Jewellery
 o - an amulet of guardian spirit (around mantle)
Scrolls
 c - a scroll of brand weapon {unknown}
 f - a scroll of torment {unknown}
 i - 2 scrolls of poison {unknown}
 k - a scroll of noise {unknown}
 l - 3 scrolls of identify {unknown}
 n - a scroll of teleportation {unknown}
 p - a scroll of enchant weapon {unknown}
Potions
 a - a potion of lignification
 d - 2 potions of heal wounds {unknown}
 e - a potion of attraction {unknown}
 g - a potion of berserk rage {unknown}
 h - a potion of might {unknown}
 m - a potion of degeneration {unknown}


   Skills:
 + Level 1.7 Fighting
 + Level 2.4 Dodging
 * Level 3.3 Stealth
 + Level 3.3 Unarmed Combat
 + Level 2.4 Spellcasting
 + Level 2.4 Transmutations
 * Level 1.6 Poison Magic


You had 2 spell levels left.
You knew the following spells:

 Your Spells              Type           Power      Damage    Failure   Level
a - Beastly Appendage     Tmut           18%        N/A       8%          1
b - Wereblood             Tmut           9%         N/A       12%         2
c - Spider Form           Tmut/Pois      8%         N/A       26%         3

Your spell library contained the following spells:

 Spells                   Type           Power      Damage    Failure   Level
 Poisonous Vapours        Pois/Air       8%         N/A       22%         2
 Cigotuvi's Dreadful Rot  Necr/Pois/Air  6%         N/A       26%         2
 Mephitic Cloud           Conj/Pois/Air  3%         N/A       45%         3
 Hailstorm                Conj/Ice       1%         3d3       54%         3
 Ice Form                 Ice/Tmut       5%         N/A       77%         4
 Simulacrum               Ice/Necr       0%         N/A       100%        6


Dungeon Overview and Level Annotations

Branches:
Dungeon (3/15)

Altars:
Gozag
Kikubaaqudgha
Qazlal


Innate Abilities, Weirdness & Mutations

You cannot wear most types of armour.
You are amphibious.
You can wear up to eight rings at the same time.
Your skin changes colour to match your surroundings (Stealth+).
Your rubbery body absorbs attacks. (AC +1, EV +1)
((You are camouflaged when in or above water. (Stealth+)))
You have tentacles for arms and can constrict up to eight enemies at once.


Message History

You barely miss the orc.
You pierce the orc.
The orc is moderately wounded.
You constrict the orc. The orc hits you with a +0 hand axe.
You tentacle-slap the orc but do no damage.
The orc is heavily wounded.
You constrict the orc, but do no damage.
The orc closely misses you.
Casting: Wereblood (safe; 12% risk of failure)
Confirm with . or Enter, or press ? or * to list all spells.
Your blood is infused with primal strength.
You constrict the orc. The orc misses you.
You tentacle-slap the orc but do no damage.
The orc is heavily wounded.
You constrict the orc. You tentacle-slap the orc.
You feel a bit better.
You kill the orc!
You howl as the wereblood boils in your veins!
The jackal misses you.
You tentacle-slap the jackal. You grab the jackal.
The jackal is severely wounded.
You constrict the jackal.
The orc priest calls down the wrath of Beogh upon you.
Beogh smites you! The jackal bites you.
You tentacle-slap the jackal.
You feel a bit better.
You kill the jackal!
You tentacle-slap the orc priest. Your grab misses the orc priest.
You pierce the orc priest, but do no damage.
The orc priest is lightly wounded.
The orc priest hits you with a +0 short sword.
You barely miss the orc priest. You grab the orc priest.
The orc priest is lightly wounded.
Your tentacle spike disappears.
You constrict the orc priest, but do no damage.
The orc priest hits you with a +0 short sword.
You tentacle-slap the orc priest but do no damage.
The orc priest is lightly wounded.
You constrict the orc priest.
The orc priest calls down the wrath of Beogh upon you.
Beogh smites you!
You die...

..# #...................##..##
#.. #####.#...#........(....#.
##..### #........##...#####...
....h..######.........########..
......o........##.##..))........
.......................########.
.......).#############..#####...
.......#....###########.#.....##
#......####.oho@.............>.[
####### ##########............
#.....)....## #..........#
############


You could see an orc priest, an orc and a jackal.

Vanquished Creatures
  3 adders
  3 worms
  A dart slug (D:1)
  8 orcs (D:3)
  10 endoplasms
  A giant cockroach (D:2)
  4 goblins
  5 hobgoblins
  7 jackals
  2 quokkas
  8 ball pythons
  6 bats
  5 frilled lizards
  5 kobolds
  3 rats
71 creatures vanquished.

Vanquished Creatures (others)
  9 fungi (D:2)
  4 toadstools (D:2)
13 creatures vanquished.

Grand Total: 84 creatures vanquished

Notes
Turn   | Place    | Note
-------+----------+-------------------------------------------
     0 | D:1      | BlueFish the Octopode Transmuter began the quest for the
                  | Orb.
     0 | D:1      | Reached XP level 1. HP: 13/13 MP: 3/3
    24 | D:1      | Reached skill level 1 in Stealth
    24 | D:1      | Reached XP level 2. HP: 11/18 MP: 5/5
   139 | D:1      | Learned a level 2 spell: Wereblood
   276 | D:1      | Reached XP level 3. HP: 22/23 MP: 6/6
   283 | D:1      | Learned a level 3 spell: Spider Form
  1010 | D:2      | Found an opulent altar of Gozag.
  1020 | D:2      | Reached XP level 4. HP: 19/28 MP: 7/7
  1322 | D:3      | Reached skill level 1 in Poison Magic
  1730 | D:3      | Found an ancient bone altar of Kikubaaqudgha.
  1761 | D:3      | Found a stormy altar of Qazlal.
  1906 | D:3      | Reached XP level 5. HP: 27/34 MP: 3/8
  1921 | D:3      | Killed from afar by an orc priest

Illustrated notes

Levels and vault maps discovered:
D:1:      giann_horns, layout_basic, serial_corexii_hall,
          chequers_hall_statues_y, corexii_hall_statues_i,
          chequers_serial_rivers_large_b
D:2:      layout_basic, basic_altar, nrook_loot_triangle,
          minmay_gold_behind_fungi, minmay_tall_x
D:3:      layout_rooms, lemuel_round_altar, grunt_qazlal_sundering,
          shapermc_ecumenical_altar_venn

Skill      XL: |  1  2  3  4 |
---------------+-------------+-----
Stealth        | 1 2 3 |  3.3
Poison Magic   | 1 |  1.6
Fighting       | |  1.7
Dodging        | |  2.4
Unarmed Combat | |  3.3
Spellcasting   | |  2.4
Transmutations | |  2.4

Action                     |  1- 3 |  4- 6 || total
---------------------------+-------+-------++-------
  Melee: Unarmed           |    82 |    71 ||   153
         Constrict         |    22 |    16 ||    38
         Tentacles         |    17 |    10 ||    27
         Kick              |     9 |     8 ||    17
         Punch             |     1 |     1 ||     2
   Cast: Beastly Appendage |     3 |     3 ||     6
         Wereblood         |       |     2 ||     2
   Stab: Sleeping          |     9 |     4 ||    13
 Armour: Skin              |     6 |     5 ||    11
  Dodge: Dodged            |    42 |    42 ||    84

Table legend: (Time is in decaauts)
 A = Elapsed time spent in this place.
 B = Non-inter-level travel time spent in this place.
 C = Inter-level travel time spent in this place.
 D = Time resting spent in this place.
 E = Time spent auto-exploring this place.
 F = Levels seen in this place.
 G = Mean time per level.
                   A        B        C        D        E       F      G
               +--------+--------+--------+--------+--------+-----+--------+
         Total |   1911 |   1869 |     42 |      0 |   1419 |   3 |  637.0 |
       Dungeon |   1911 |   1869 |     42 |      0 |   1419 |   3 |  637.0 |
               +--------+--------+--------+--------+--------+-----+--------+

Top non-repeatable levels by time:
     D:1: 684 daAuts
     D:2: 615 daAuts
     D:3: 610 daAuts
